 Dungeon Crawl Stone Soup version 0.18.1-8-gdd0e5ea (webtiles) character file.

2 Implojin the Insei (level 1, 17/18 HPs)
             Began as a Mummy Monk on May 22, 2016.
             Quit the game on level 1 of the Dungeon.
             The game lasted 00:02:22 (216 turns).

Implojin the Insei (Mummy Monk)                      Turns: 216, Time: 00:02:22

Health: 17/18      AC:  0    Str: 14    XL:     1   Next: 25%
Magic:  1/1        EV: 13    Int:  9    God:
Gold:   0          SH:  0    Dex: 14    Spells: 0 memorised, 0 levels left

rFire  x . .     SeeInvis .       - Unarmed
rCold  + . .     Gourm    .     (no armour)
rNeg   + + +     Faith    .     (no shield)
rPois  ∞         Spirit   .     (no helmet)
rElec  .         Dismiss  .     (no cloak)
rCorr  .         Reflect  .     (no gloves)
SustAt .         Harm     .     (no boots)
MR     .....                    (no amulet)
Stlth  ++........               (no ring)
                                (no ring)

@: not resistant to hostile enchantments, unstealthy
A: no food or potions, fire vulnerability, cold resistance 1, negative energy
resistance 3, torment resistance, unbreathing
a: no special abilities


You were on level 1 of the Dungeon.
You were not hungry.

You visited 1 branch of the dungeon, and saw 1 of its levels.

You aren't carrying anything.


   Skills:
 - Level 3.0 Fighting
 - Level 2.4 Dodging
 - Level 1.5 Stealth
 * Level 3.3 Unarmed Combat


You couldn't memorise any spells.
You didn't know any spells.

Dungeon Overview and Level Annotations

Branches:
Dungeon (1/15)

Altars:


Innate Abilities, Weirdness & Mutations

You do not eat or drink.
Your flesh is vulnerable to fire.
You are immune to poison.
Your flesh is cold resistant.
You are immune to negative energy.
You are immune to unholy pain and torment.
You can survive without breathing.


Message History

You kill the bat!
You start resting.
HP restored.
You open the door.
There is an open door here.
There is a fountain of clear blue water here.
Unknown command.
There is an open door here.
As you open the door, it creaks loudly!
There is an open door here.
You open the large door.
There is a large open door here.
There is an open door here.
You open the door.
Found 30 stones.
There is an open door here.
You open the door.
Found a chain mail.
There is an open door here.
You open the door.
Found a sedimented orange potion.
There is an open door here.
You open the large door.
A bat comes into view.
The bat misses you.
Found 17 stones.
A bat is nearby!
You hit the bat.
The bat is heavily wounded.
The bat hits you. The bat closely misses you.
You hit the bat.
You kill the bat!
There is an open door here.
Unknown command.
Unknown command.
Unknown command.
Unknown command.
Char dumped successfully.
Are you sure you want to abandon this character and quit the game? (Confirm with "yes".)

##...#.#..################
......$..................##
##...........................
(..≈≈≈≈≈≈≈≈≈≈≈≈≈≈≈≈≈≈≈≈≈≈≈...
...≈≈≈≈≈≈≈≈≈≈≈≈≈≈≈≈≈≈≈≈≈≈≈...
...≈≈≈≈≈≈≈≈≈≈≈≈≈≈≈≈≈≈≈≈≈≈≈...
...≈≈≈#+#'#≈≈≈≈≈≈≈#'#+#≈≈≈...
...≈≈≈'(..##+###'##...'≈≈≈...
...≈≈≈'...'.@.....'...'≈≈≈...
..≈≈≈#'###.#####.###+#≈≈≈...
...≈≈≈≈≈+...#...#...#≈≈≈≈....
...≈≈≈≈≈#.###...'.⌠.+≈≈≈..⌠..
...≈≈≈≈≈#.###.<.'.⌠.+≈≈≈..⌠..
..!≈≈≈≈≈+...#...#[..#≈≈≈≈....
...≈≈≈#+###.#####.#'#'#≈≈≈...
...≈≈≈ #.......#...'≈≈≈...
...≈≈≈ ##+###'##..>'≈≈≈...


There were no monsters in sight!

Vanquished Creatures
  2 bats (D:1)
2 creatures vanquished.

Notes
Turn   | Place    | Note
--------------------------------------------------------------
     0 | D:1      | Implojin the Mummy Monk began the quest for the Orb.
     0 | D:1      | Reached XP level 1. HP: 18/18 MP: 1/1
   216 | D:1      | Quit the game

Action                   || total
-------------------------++-------
Melee: Unarmed           ||     8
Armor: Robe              ||    10
Dodge: Dodged            ||    25

Table legend:
 A = Turns spent in this place as a percentage of turns spent in the entire game.
 B = Non-inter-level travel turns spent in this place as a percentage of non-inter-level travel turns spent in the entire game.
 C = Inter-level travel turns spent in this place as a percentage of turns spent in this place.
 D = Turns resting spent in this place as a percentage of non-inter-level travel turns spent in this place.
 E = Turns spent auto-exploring this place as a percentage of non-inter-level travel turns spent in this place.
 F = Non-inter-level travel turns spent in this place divided by the number of levels of this place that you've seen.
                   A       B       C       D       E      F
               +-------+-------+-------+-------+-------+----------------------
         Total | 100.0 | 100.0 |   0.0 |   6.2 |   7.2 |  97.0
       Dungeon | 100.0 | 100.0 |   0.0 |   6.2 |   7.2 |  97.0
               +-------+-------+-------+-------+-------+----------------------

Table legend:
 A = Kills in this place as a percentage of kills in entire the game.
 B = Kills by you in this place as a percentage of kills by you in the entire game.
 C = Kills by friends in this place as a percentage of kills by friends in the entire game.
 D = Other kills in this place as a percentage of other kills in the entire game.
 E = Experience gained in this place as a percentage of experience gained in the entire game.
 F = Experience gained in this place divided by the number of levels of this place that you have seen.
                   A       B       C       D       E      F
               +-------+-------+-------+-------+-------+----------------------
         Total | 100.0 | 100.0 |  -nan |  -nan | 100.0 |   3.0
       Dungeon | 100.0 | 100.0 |  -nan |  -nan | 100.0 |   3.0
               +-------+-------+-------+-------+-------+----------------------
